 Dungeon Crawl Stone Soup version 0.27.1-33-g824d729ab1 (webtiles) character file.

Game seed: 10036435971372992349

77 EWolf27 the Sneak (level 4, -12/21 HPs)
             Began as a Spriggan Enchanter on Dec 17, 2021.
             Splashed by Ijyb's acid (17 damage)
             ... on level 3 of the Dungeon.
             The game lasted 00:19:17 (4783 turns).

EWolf27 the Sneak (Spriggan Enchanter)              Turns: 4783, Time: 00:19:18

Health: -12/21     AC: -2    Str:  4    XL:     4   Next: 14%
Magic:  10/10      EV: 17    Int: 17    God:
Gold:   151        SH:  0    Dex: 15    Spells: 2/9 levels left

rFire    . . .     SeeInvis +   a - +1 dagger
rCold    . . .     Faith    .   (shield restricted)
rNeg     . . .     Spirit   .   b - +0 robe
rPois    .         Reflect  .   (helmet restricted)
rElec    .         Harm     .   (no cloak)
rCorr    .         Rampage  .   (gloves unavailable)
Will     .....                  (boots unavailable)
Stlth    +++.......             l - amulet of regeneration
HPRegen  1.07/turn              (no ring)
MPRegen  0.12/turn              (no ring)

@: corroded, very quick
A: very small, no large weapons, unfitting armour, see invisible, speed 3
a: no special abilities


You were on level 3 of the Dungeon.
You visited 1 branch of the dungeon, and saw 3 of its levels.

You collected 151 gold pieces.

Inventory:

Hand Weapons
 a - a +1 dagger (weapon)
Missiles
 c - 118 stones
 j - a throwing net
Armour
 b - a +0 robe (worn)
Jewellery
 l - an amulet of regeneration (around neck)
Scrolls
 f - 2 scrolls of identify {unknown}
 g - a scroll of acquirement {unknown}
 h - a scroll of vulnerability {unknown}
 i - a scroll of amnesia {unknown}
 m - a scroll of brand weapon {unknown}
Potions
 d - 2 potions of curing {unknown}
 e - a potion of attraction {unknown}
 k - a potion of haste {unknown}


   Skills:
 - Level 1.1 Short Blades
 - Level 2.6 Dodging
 + Level 5.5 Stealth
 + Level 3.3 Spellcasting
 + Level 4.5 Hexes
 + Level 1.2 Ice Magic


You had 2 spell levels left.
You knew the following spells:

 Your Spells              Type           Power      Damage    Failure   Level
a - Corona                Hex            20%        N/A       2%          1
b - Ensorcelled Hibernat  Hex/Ice        24%        N/A       8%          2
c - Confusing Touch       Hex            18%        N/A       8%          3
d - Sandblast             Erth           4%         2d4       17%         1

Your spell library contained the following spells:

 Spells                   Type           Power      Damage    Failure   Level
 Passwall                 Tmut/Erth      1%         N/A       26%         2
 Tukima's Dance           Hex            18%        N/A       8%          3
 Dazzling Flash           Conj/Hex       20%        N/A       21%         3
 Spider Form              Tmut/Pois      1%         N/A       45%         3
 Lee's Rapid Deconstruct  Erth           1%         3d5*      99%         5
 Shadow Creatures         Summ           N/A        N/A       100%        6


Dungeon Overview and Level Annotations

Branches:
Dungeon (3/15)

Altars:
Qazlal
Vehumet
Xom

Shops:
D:3 !

Annotations:
D:3 1 exclusion, Ijyb, Sigmund


Innate Abilities, Weirdness & Mutations

You are very small and have problems with some larger weapons.
You are too small for most types of armour.
You have supernaturally acute eyesight. (SInv)
You cover ground extremely quickly. (Speed+++)


Message History

The goblin is severely wounded.
The goblin drinks a potion.
The goblin is healed!
You hit the goblin.
The goblin is severely wounded.
The goblin closely misses you.
You hit the goblin but do no damage.
The goblin is severely wounded.
The goblin closely misses you.
You closely miss the goblin.
The goblin is severely wounded.
The goblin barely misses you.
You closely miss the goblin.
The goblin is severely wounded.
The goblin closely misses you.
You completely miss the goblin.
The goblin is severely wounded.
The goblin hits you with a +0 club.
You hit the goblin.
You kill the goblin!
No target in view!
You start resting.
HP restored.
You start resting.
Magic restored.
m - a scroll labelled DIANOG BUICUEPIHO You now have 151 gold pieces (gained 11).
Things that are here:
a +0 club; a +0 robe
There is an open door, spattered with blood here.
You open the door.
There is an open door here.
Ijyb is nearby!
Sigmund shouts!
Sigmund hits you from afar with a +0 scythe.
Ijyb zaps a wand.
The bolt of acid hits you!
Ouch! That really hurt!
* * * LOW HITPOINT WARNING * * *
The acid corrodes you!
You are splashed with acid!
Ouch! That really hurt!
You die...

# #.# #.# ###..#
##'## #.......^#
##...## #.........
##....>## #........#
#.......## #.?g##).#
..†......###......@#
.........+.......#.#
.........#
#....##.##.#
#.......##
#....@.....#
##.....##
#.......#### ##...##
####.#### ##'## #.#
#÷# #.# #.# #.#
####.## #.#
......#########.#
#...............#


You could see Ijyb.

Vanquished Creatures
  Natasha (D:3)
  4 ball pythons
  4 bats
  6 endoplasms
  2 giant cockroaches
  9 goblins
  5 hobgoblins
  A quokka (D:2)
  3 frilled lizards
  4 kobolds
  7 rats
46 creatures vanquished.

Notes
Turn   | Place    | Note
-------+----------+-------------------------------------------
     0 | D:1      | EWolf27 the Spriggan Enchanter began the quest for the Orb.
     0 | D:1      | Reached XP level 1. HP: 9/9 MP: 5/5
   687 | D:1      | Reached XP level 2. HP: 8/13 MP: 5/7
   690 | D:1      | Learned a level 2 spell: Ensorcelled Hibernation
  1374 | D:1      | Reached skill level 5 in Stealth
  2401 | D:2      | Reached XP level 3. HP: 14/16 MP: 8/8
  2941 | D:2      | Learned a level 3 spell: Confusing Touch
  2943 | D:2      | Learned a level 1 spell: Sandblast
  3320 | D:2      | Found a faded altar of an unknown god.
  3627 | D:3      | Found a shimmering altar of Xom.
  3641 | D:3      | Reached skill level 1 in Ice Magic
  3647 | D:3      | Found Xiduy's Distillery.
  3760 | D:3      | Noticed a black bear
  3962 | D:3      | Noticed Natasha
  3973 | D:3      | Killed Natasha
  4122 | D:3      | Found a stormy altar of Qazlal.
  4159 | D:3      | Found a radiant altar of Vehumet.
  4293 | D:3      | Reached XP level 4. HP: 20/21 MP: 6/9
  4342 | D:3      | Noticed Sigmund
  4343 | D:3      | Noticed Ijyb
  4783 | D:3      | Splashed by Ijyb's acid

Illustrated notes

Levels and vault maps discovered:
D:1:      dpeg_arrival_castle, layout_loops_ring
D:2:      layout_basic, shapermc_ecumenical_altar_flowoftime,
          kennysheep_generic_room_11
D:3:      layout_loops_corners, mainiacjoe_overflow_six_doors_small,
          mainiacjoe_overflow_two_lobes, serial_shops, nicolae_square_shop,
          minmay_fractal_squares_diagonal_5, uniq_sigmund, uniq_natasha,
          uniq_ijyb

Skill      XL: |  1  2  3 |
---------------+----------+-----
Spellcasting   | 3 |  3.3
Hexes          | 4 |  4.5
Stealth        | 5 |  5.5
Ice Magic      | 1 |  1.2
Short Blades   | |  1.1
Dodging        | |  2.6

Action                   |  1- 3 |  4- 6 || total
-------------------------+-------+-------++-------
Melee: Dagger            |   143 |    35 ||   178
 Cast: Corona            |    10 |       ||    10
       Ensorcelled Hiber |     6 |     3 ||     9
 Stab: Sleeping          |    13 |     2 ||    15
Armor: Robe              |    13 |     6 ||    19
Dodge: Dodged            |   105 |    24 ||   129
